 Dungeon Crawl Stone Soup version 0.28.0-45-g0d030f2227 (webtiles) character file.

Game seed: 5867981041669399665

119 Ablot the Grasshopper (level 5, 0/43 HPs)
             Began as a Gnoll Warper on Apr 4, 2022.
             Slain by an orc wizard
             ... wielding a +0 dagger
              (3 damage)
             ... on level 3 of the Dungeon.
             The game lasted 00:03:49 (2757 turns).

Ablot the Grasshopper (Gnoll Warper)                Turns: 2757, Time: 00:03:49

Health: 0/43       AC:  4    Str: 12    XL:     5   Next: 3%
Magic:  12/12      EV: 16    Int: 13    God:
Gold:   59         SH:  0    Dex: 11    Spells: 12/14 levels left

rFire   + . .      SeeInvis .   h - +2 dagger (drain)
rCold   + . .      Faith    .   (no shield)
rNeg    . . .      Spirit   .   b - +0 leather armour
rPois   +          Reflect  .   (no helmet)
rElec   +          Harm     .   p - +0 cloak
rCorr   +          Rampage  .   (no gloves)
Will    .....                   (no boots)
Stlth   +.........              k - amulet of the acrobat
HPRegen 0.14/turn               j - +4 ring of evasion
MPRegen 0.13/turn               (no ring)

@: resistant, attractive, flying
A: fangs 1, strong nose, distributed training
a: no special abilities


You were on level 3 of the Dungeon.
You visited 1 branch of the dungeon, and saw 3 of its levels.

You collected 59 gold pieces.

Inventory:

Hand Weapons
 a - a +0 spear
 h - a +2 dagger of draining (weapon)
Missiles
 d - 5 boomerangs of dispersal (quivered)
 e - 22 stones
 g - 17 sling bullets
Armour
 b - a +0 leather armour (worn)
 p - a +0 cloak (worn)
Jewellery
 j - a +4 ring of evasion (left hand)
 k - an amulet of the acrobat (around neck)
Scrolls
 c - a scroll of blinking
 l - a scroll of magic mapping {unknown}
 n - a scroll of teleportation {unknown}
Potions
 m - a potion of curing {unknown}
 q - a potion of brilliance {unknown}
 r - a potion of degeneration {unknown}


   Skills:
 + Level 4.7 Fighting
 + Level 1.3 Short Blades
 + Level 1.3 Long Blades
 + Level 1.3 Axes
 + Level 1.3 Maces & Flails
 + Level 4.7 Polearms
 + Level 1.3 Staves
 + Level 1.3 Slings
 + Level 1.3 Bows
 + Level 1.3 Crossbows
 + Level 2.8 Throwing
 + Level 2.8 Armour
 + Level 4.7 Dodging
 + Level 1.3 Stealth
 + Level 1.3 Shields
 + Level 1.3 Unarmed Combat
 + Level 5.1 Spellcasting
 + Level 1.0 Conjurations
 + Level 1.0 Hexes
 + Level 1.0 Summonings
 + Level 1.0 Necromancy
 + Level 5.5 Translocations
 + Level 1.0 Transmutations
 + Level 1.0 Fire Magic
 + Level 1.0 Ice Magic
 + Level 1.0 Air Magic
 + Level 1.0 Earth Magic
 + Level 1.0 Poison Magic
 + Level 1.4 Invocations
 + Level 1.3 Evocations


You had 12 spell levels left.
You knew the following spells:

 Your Spells              Type           Power      Damage    Failure   Level
a - Blink                 Tloc           34%        N/A       3%          2

Your spell library contained the following spells:

 Spells                   Type           Power      Damage    Failure   Level
 Gell's Gravitas          Tloc           17%        N/A       8%          3
 Lesser Beckoning         Tloc           17%        N/A       8%          3
 Teleport Other           Tloc           17%        N/A       8%          3
 Magic Dart               Conj           24%        1d4       16%         1
 Call Imp                 Summ           6%         N/A       22%         2
 Mephitic Cloud           Conj/Pois/Air  6%         N/A       41%         3
 Manifold Assault         Tloc           17%        N/A       56%         5


Dungeon Overview and Level Annotations

Branches:
Dungeon (3/15)

Altars:
Kikubaaqudgha
Wu Jian

Shops:
D:2 !


Innate Abilities, Weirdness & Mutations

You have very sharp teeth.
Your uncanny sense of smell can sniff out nearby items.
Your experience applies equally to all skills.


Message History

The orc wizard misses you. The orc barely misses you.
You're too confused to move!
The orc completely misses you. The orc wizard casts a spell at you.
The magic dart hits you.
The orc hits you with a +2 dagger of protection.
The orc hits you with a +0 flail!
The orc wizard gestures at you while chanting.
You resist with some effort.
You bump into the rock wall.
You feel less confused. The orc hits you with a +0 flail.
* * * LOW HITPOINT WARNING * * *
The orc wizard barely misses you. The orc misses you.
You hit the orc wizard. You drain the orc wizard.
The orc wizard is moderately wounded.
The orc hits you with a +0 flail.
* * * LOW HITPOINT WARNING * * *
The orc wizard barely misses you. The orc closely misses you.
You closely miss the orc wizard.
The orc wizard is moderately wounded.
The orc hits you with a +0 flail.
* * * LOW HITPOINT WARNING * * *
The orc wizard gestures wildly while chanting.
The orc wizard flickers and vanishes!
Deactivating autopickup; reactivate with Ctrl-A.
The orc closely misses you.
It was a potion of resistance.
You feel protected. The orc misses you. Something hits you but does no damage.
The orc hits you with a +2 dagger of protection.
* * * LOW HITPOINT WARNING * * *
Unknown command.
It was a potion of attraction.
You feel attractive to monsters. The orc completely misses you.
Something hits you but does no damage. The orc barely misses you.
It was a potion of flight.
You feel very buoyant.
You fly up into the air.
The orc barely misses you. Something hits you.
You die...

#.....>..........
###########.#........
#........##.#........ .##.....
###'#####.#........... .......#
#.....# #.####........ .......#
#.....# #.##.....##### .......#
#.....# #.##.....# .......#
#.....# #.##.....#
......######.≈.≈@######.....#####
....###......≈.{oo....#..........
......#....≈≈♣†♣≈)....#.########.
......'...............+.# #...
......#....≈≈♣.♣≈≈....### #.##
......#......≈.≈......# #.#
......######.≈.≈.#############.#
......# #.....###.#.........##
......# #.....#...............


You could see 2 orcs.

Vanquished Creatures
  Terence (D:2)
  A killer bee zombie (D:3)
  2 adders
  An ufetubus (D:3)
  A worm (D:2)
  A dart slug (D:2)
  2 orcs (D:3)
  A ball python (D:2)
  A bat (D:2)
  3 endoplasms
  A giant cockroach (D:2)
  6 goblins
  9 hobgoblins
  3 jackals (D:1)
  A quokka (D:3)
  A frilled lizard (D:2)
  6 kobolds
41 creatures vanquished.

Notes
Turn   | Place    | Note
-------+----------+-------------------------------------------
     0 | D:1      | Ablot the Gnoll Warper began the quest for the Orb.
     0 | D:1      | Reached XP level 1. HP: 20/20 MP: 6/6
   348 | D:1      | Reached XP level 2. HP: 22/25 MP: 7/7
   355 | D:1      | Learned a level 2 spell: Blink
   787 | D:2      | Found Xeonk's Distillery.
   833 | D:2      | Reached XP level 3. HP: 29/31 MP: 9/9
   913 | D:2      | Reached skill level 5 in Spellcasting
   923 | D:2      | Reached skill level 1 in Invocations
  1131 | D:2      | Noticed Terence
  1142 | D:2      | Killed Terence
  1143 | D:2      | Reached skill level 1 in Short Blades
  1143 | D:2      | Reached skill level 1 in Long Blades
  1143 | D:2      | Reached skill level 1 in Axes
  1143 | D:2      | Reached skill level 1 in Maces & Flails
  1143 | D:2      | Reached skill level 1 in Staves
  1143 | D:2      | Reached skill level 1 in Slings
  1143 | D:2      | Reached skill level 1 in Bows
  1143 | D:2      | Reached skill level 1 in Crossbows
  1143 | D:2      | Reached skill level 1 in Stealth
  1143 | D:2      | Reached skill level 1 in Shields
  1143 | D:2      | Reached skill level 1 in Unarmed Combat
  1143 | D:2      | Reached skill level 1 in Evocations
  1143 | D:2      | Reached XP level 4. HP: 28/38 MP: 11/11
  1340 | D:2      | Found an ancient bone altar of Kikubaaqudgha.
  1574 | D:2      | Found a faded altar of an unknown god.
  1848 | D:3      | HP: 1/38 [killer bee zombie (4)]
  1851 | D:3      | Reached skill level 1 in Conjurations
  1851 | D:3      | Reached skill level 1 in Hexes
  1851 | D:3      | Reached skill level 1 in Summonings
  1851 | D:3      | Reached skill level 1 in Necromancy
  1851 | D:3      | Reached skill level 1 in Transmutations
  1851 | D:3      | Reached skill level 1 in Fire Magic
  1851 | D:3      | Reached skill level 1 in Ice Magic
  1851 | D:3      | Reached skill level 1 in Air Magic
  1851 | D:3      | Reached skill level 1 in Earth Magic
  1851 | D:3      | Reached skill level 1 in Poison Magic
  2367 | D:3      | Reached XP level 5. HP: 43/43 MP: 12/12
  2478 | D:3      | Found an ornate altar of the Wu Jian Council.
  2757 | D:3      | Slain by an orc wizard

Illustrated notes

Levels and vault maps discovered:
D:1:      dpeg_arrival_chambers_temple_mockup, layout_rooms
D:2:      layout_loops_ring, basic_altar, serial_shops, nicolae_shop_stone,
          shapermc_ecumenical_altar_hornbeckon, uniq_terence
D:3:      layout_basic, nicolae_wu_jian_glorious_leap, kennysheep_minor_cross

Skill      XL: |  1  2  3  4 |
---------------+-------------+-----
Spellcasting   | 5 |  5.1
Invocations    | 1 |  1.4
Short Blades   | 1 |  1.3
Long Blades    | 1 |  1.3
Axes           | 1 |  1.3
Maces & Flails | 1 |  1.3
Staves         | 1 |  1.3
Slings         | 1 |  1.3
Bows           | 1 |  1.3
Crossbows      | 1 |  1.3
Stealth        | 1 |  1.3
Shields        | 1 |  1.3
Unarmed Combat | 1 |  1.3
Evocations     | 1 |  1.3
Conjurations   | 1 |  1.0
Hexes          | 1 |  1.0
Summonings     | 1 |  1.0
Necromancy     | 1 |  1.0
Transmutations | 1 |  1.0
Fire Magic     | 1 |  1.0
Ice Magic      | 1 |  1.0
Air Magic      | 1 |  1.0
Earth Magic    | 1 |  1.0
Poison Magic   | 1 |  1.0
Fighting       | |  4.7
Polearms       | |  4.7
Throwing       | |  2.8
Armour         | |  2.8
Dodging        | |  4.7
Translocations | |  5.5

Action                   |  1- 3 |  4- 6 || total
-------------------------+-------+-------++-------
Melee: Spear             |    15 |    27 ||    42
       Dagger            |    64 |    44 ||   108
       Bite              |     8 |     5 ||    13
       Punch             |     1 |       ||     1
  Use: Potion            |       |     4 ||     4
 Stab: Sleeping          |       |     1 ||     1
Armor: Leather armour    |    12 |    10 ||    22
Dodge: Dodged            |    43 |    72 ||   115
